 Dungeon Crawl Stone Soup version 0.24.0-13-gcf9b319 (webtiles) character file.

Game seed: 5948757813066036805, levelgen mode: deterministic

49 Bronimir the Ruffian (level 3, 0/31 HPs)
             Began as a Naga Transmuter on Mar 31, 2020.
             Slain by a quokka (2 damage)
             ... on level 3 of the Dungeon.
             The game lasted 00:03:54 (1878 turns).

Bronimir the Ruffian (Naga Transmuter)              Turns: 1878, Time: 00:03:55

Health: 0/31       AC:  3    Str: 13    XL:     3   Next: 77%
Magic:  1/6        EV: 10    Int: 13    God:
Gold:   103        SH:  0    Dex: 11    Spells: 3/6 levels left

rFire    . . .     SeeInvis +     - Unarmed
rCold    . . .     Gourm    .   (no shield)
rNeg     . . .     Faith    .   m - +0 robe
rPois    +         Spirit   .   e - +0 helmet
rElec    .         Reflect  .   (no cloak)
rCorr    .         Harm     .   (no gloves)
MR       .....                  (no barding)
Stlth    +.........             (no amulet)
HPRegen  0.10/turn              (no ring)
MPRegen  0.10/turn              (no ring)

@: very slow
A: large, see invisible, deformed body, poison resistance, slowness 2, slow
metabolism 1, spit poison 1, AC +1
a: Spit Poison


You were on level 3 of the Dungeon.
You were not hungry.

You visited 1 branch of the dungeon, and saw 3 of its levels.

You collected 103 gold pieces.

Inventory:

Hand Weapons
 b - a +0 hunting sling
 g - a +0 spear
Missiles
 a - 28 arrows
 l - 26 stones (quivered)
Armour
 e - a +0 helmet (worn)
 m - a +0 robe (worn)
Jewellery
 h - a +2 ring of strength {unknown}
 i - a cursed ring of teleportation {unknown}
Scrolls
 f - 2 scrolls of remove curse {unknown}
 j - 3 scrolls of amnesia {unknown}
 n - a scroll of fog {unknown}
Potions
 c - a potion of heal wounds {unknown}
 k - a potion of brilliance {unknown}
 o - a potion of flight {unknown}
Comestibles
 d - 3 rations


   Skills:
 + Level 1.2 Fighting
 * Level 2.0 Dodging
 - Level 0.4 Stealth
 * Level 3.9 Unarmed Combat
 * Level 2.1 Spellcasting
 * Level 2.3 Transmutations


You had 3 spell levels left.
You knew the following spells:

 Your Spells              Type           Power        Failure   Level  Hunger
a - Beastly Appendage     Tmut           #.....       10%         1    ##.....
b - Sticks to Snakes      Tmut           #.......     14%         2    ###....

Your spell library contained the following spells:

 Spells                   Type           Power        Failure   Level  Hunger
 Spider Form              Tmut/Pois      #.........   43%         3    ####...
 Ice Form                 Ice/Tmut       #.......     83%         4    #####..
 Blade Hands              Tmut           #.........   95%         5    ######.


Dungeon Overview and Level Annotations

Branches:
Dungeon (3/15)

Altars:

Annotations:
D:3 Grinder


Innate Abilities, Weirdness & Mutations

You cannot wear boots.
Your serpentine skin is tough. (AC +1)
You have supernaturally acute eyesight. (SInv)
Armour fits poorly on your strangely shaped body.
Your system is resistant to poisons. (rPois)
You cover ground very slowly.
You have a slow metabolism.
You can spit poison.


Message History

The orc wizard hits something but does no damage.
The orc wizard closely misses your ball python.
You don't have the energy to cast that spell.
You don't have the energy to cast that spell.
You hit the quokka but do no damage. The quokka bites you.
* * * LOW HITPOINT WARNING * * *
Your ball python bites the quokka but does no damage.
Your ball python closely misses the quokka.
The orc wizard misses your ball python.
Your adder bites the quokka.
A dart slug comes into view.
The quokka bites you.
* * * LOW HITPOINT WARNING * * *
You're too hungry.
You eat one of the 4 rations.
That ration really hit the spot!
The orc wizard hits your ball python with a +0 dagger of venom.
Your ball python dies!
Your adder closely misses the quokka.
Grinder says, "You look like you could use a good racking."
Grinder blinks!
The quokka bites you.
You die...

.... ... .w.
#.#####
#.###.#...#
#.5(#.#.#.#
#...#.#.#<#
#.§o(...###.#
#.###.#S......#
#.....r.#######
######@.# #..#
..># ###.# ..#
###


You could see Grinder, an orc wizard, a dart slug, a quokka and a friendly
adder.

Vanquished Creatures
  An adder (D:3)
  An ooze (D:2)
  A leopard gecko (D:1)
  An orc (D:3)
  2 giant cockroaches
  5 hobgoblins
  4 jackals (D:1)
  2 bats (D:1)
  A frilled lizard (D:1)
  2 goblins
  3 kobolds
  6 rats
29 creatures vanquished.

Vanquished Creatures (collateral kills)
  A leopard gecko (D:1)
  2 orcs (D:3)
3 creatures vanquished.

Grand Total: 32 creatures vanquished

Notes
Turn   | Place    | Note
-------+----------+-------------------------------------------
     0 | D:1      | Bronimir the Naga Transmuter began the quest for the Orb.
     0 | D:1      | Reached XP level 1. HP: 18/18 MP: 3/3
   372 | D:1      | Reached XP level 2. HP: 22/25 MP: 5/5
   532 | D:1      | Learned a level 2 spell: Sticks to Snakes
  1385 | D:2      | Reached XP level 3. HP: 31/31 MP: 6/6
  1867 | D:3      | Noticed Grinder
  1878 | D:3      | Slain by a quokka

Levels and vault maps discovered:
D:1:      dpeg_arrival_boxorama, layout_basic, minmay_misc_feat_tower,
          item_on_display_a
D:2:      layout_rooms, first_ration
D:3:      layout_basic, minitemple, small_statue_intersection, uniq_grinder

Skill      XL: |  1  2  3 |
---------------+----------+-----
Dodging        | 2 |  2.0
Fighting       | |  1.2
Stealth        | |  0.4
Unarmed Combat | |  3.9
Spellcasting   | |  2.1
Transmutations | |  2.3

Action                   || total
-------------------------++-------
Melee: Unarmed           ||    81
       Punch             ||     1
 Fire: Hunting sling     ||    12
 Cast: Beastly Appendage ||     1
       Sticks to Snakes  ||     7
 Abil: Spit Poison       ||    14
  Eat: Chunk             ||     1
       Ration            ||     1
Armor: Robe              ||    31
Dodge: Dodged            ||    61
